 Dungeon Sprint DCSS version 0.18-a0-1797-gc18daef (webtiles) character file.

5300000 macross the Conqueror (level 25, -57/234 HPs)
             Began as a Demonspawn Berserker on Apr 22, 2016.
             Annihilated by a destroyer
             ... wielding a +9 great sword of slicing
              (68 damage)
             ... in the Dungeon (Sprint VIII: "Arena of Blood").
             The game lasted 00:03:45 (53 turns).

macross the Conqueror (Demonspawn Berserker)          Turns: 53, Time: 00:03:46

Health: -57/234    AC:  4    Str: 28    XL:     25   Next: 66%
Magic:  0/54       EV: 28    Int: 10    God:
Gold:   0          SH:  0    Dex: 13    Spells: 0 memorised, 78 levels left

rFire  . . .     SeeInvis +     j - +∞ Axe of Woe
rCold  . . .     Gourm    .     b - +0 animal skin
rNeg   . . .     Faith    .     (shield currently unavailable)
rPois  .         Spirit   +     (helmet unavailable)
rElec  .         Dismiss  .     (no cloak)
rCorr  .         Reflect  .     (gloves unavailable)
SustAt .         Harm     .     (boots unavailable)
MR     +....     NoTele   +     (no amulet)
Stlth  +++++++++.               (no ring)
                                l - +30 ring of slaying

@: exhausted, very slightly contaminated, hasted and slowed, somewhat resistant
to hostile enchantments, incredibly stealthy
A: antennae 3, claws 3, hooves 3, foul stench 2, augmentation 3, magic shield,
magic regeneration, magic link, rot immunity
a: no special abilities


You were in the Dungeon.
You were not hungry.

You visited 1 branch

Inventory:

Hand Weapons
 a - a +0 hand axe
 j - the +∞ Axe of Woe (weapon)
   (You found it in the Dungeon)
 k - a +9 battleaxe
Armour
 b - a +0 animal skin (worn)
Jewellery
 l - a +30 ring of slaying (left claw)
Potions
 g - 2 potions of magic
 h - a potion of berserk rage
Comestibles
 c - a bread ration


   Skills:
 O Level 27 Fighting
 O Level 27 Axes
 O Level 27 Throwing
 O Level 27 Armour
 O Level 27 Dodging
 O Level 27 Stealth
 O Level 27 Unarmed Combat
 O Level 27 Spellcasting


You had 78 spell levels left.
You didn't know any spells.

Dungeon Overview and Level Annotations

Branches:
Dungeon (1/1)

Altars:
Makhleb


Innate Abilities, Weirdness & Mutations

You have a pair of large antennae on your head (SInv).
You have claws for hands.
You have hooves in place of feet.
You frequently emit foul miasma when damaged in melee.
Your magical and physical power is greatly enhanced at high health.
When hurt, damage is shared between your health and your magic reserves.
You regenerate magic rapidly.
When low on magic, you restore magic in place of health.
You are immune to rotting.


Message History

A bag of meat comes into view. It is wielding a +9 war axe.
The bag of meat shouts! 2 orcs come into view.
You hear a shout! x3
The accursed points at you and mumbles some strange words.
Something smites you!
* * * LOW HITPOINT WARNING * * *
You hear a shout!
The destroyer blinks! x2
You hear a shout! x2
The bag of meat moves out of view.
The meat berserker misses you.
You hear a shout! x3
The accursed appears out of thin air!
An accursed comes into view.
A meat berserker comes into view. It is wielding a +9 battleaxe.
Unknown command.
A bag of meat comes into view. It is wielding a +9 war axe.
You hear a shout!
The destroyer hits you with a +9 great sword of slicing!!!!
You die...

...o##.# .. ....... ..
..####..oo.##.##.
#.....oozoV...M...
#......o...#.#....
#....oo....M.......### .
#.....L.......z..%...
O...#..@O.....M.........
......V.zoVo§..%........
..........x...........V.
........#.......#..§§...
..#.....#..o.x..#..§ox..
......###....L..###o§VX.
...........###z..))o)xo.
...#........_....%)))...
.#.......#.....#..)..o.#


You could see 2 accurseds, 2 tyrants, 3 destroyers, 3 sculptors of flesh, a meat
berserker (berserk), 2 small abominations and 12 bags of meat.

Vanquished Creatures
  6 vampire knights (D)
  13 ogres (D)
  24 orcs (D)
  A hill giant (D)
  3 small abominations (D)
  2 large abominations (D)
  3 crawling corpses (D)
52 creatures vanquished.

Notes
Turn   | Place    | Note
--------------------------------------------------------------
     0 | D        | macross the Demonspawn Berserker began the quest for the Orb.
     0 | D        | Reached XP level 1. HP: 18/18 MP: 1/1
     4 | D        | Noticed a bag of meat
     4 | D        | Noticed a bag of meat
     6 | D        | Noticed a meat berserker
     6 | D        | Noticed a meat berserker
     7 | D        | Noticed a meat berserker
     7 | D        | Noticed a bag of meat
     9 | D        | Killed a meat berserker
     9 | D        | Reached skill level 10 in Dodging
     9 | D        | Gained mutation: When hurt, damage is shared between your health and your magic reserves. [demonic ancestry]
     9 | D        | Reached XP level 2. HP: 51/51 MP: 2/2
     9 | D        | Gained mutation: You have a pair of small antennae on your head. [demonic ancestry]
     9 | D        | Reached XP level 3. HP: 58/58 MP: 3/3
     9 | D        | Gained mutation: You have large cloven feet. [demonic ancestry]
     9 | D        | Reached XP level 4. HP: 65/65 MP: 4/4
     9 | D        | Gained mutation: You have hoof-like feet. [demonic ancestry]
     9 | D        | Reached XP level 5. HP: 72/72 MP: 5/5
     9 | D        | Gained mutation: You are immune to rotting. [demonic ancestry]
     9 | D        | Reached XP level 6. HP: 79/79 MP: 6/6
     9 | D        | Gained mutation: You regenerate magic rapidly. [demonic ancestry]
     9 | D        | Reached XP level 7. HP: 86/86 MP: 7/7
     9 | D        | Gained mutation: You have sharp fingernails. [demonic ancestry]
     9 | D        | Reached XP level 8. HP: 93/93 MP: 8/8
     9 | D        | Gained mutation: You have very sharp fingernails. [demonic ancestry]
     9 | D        | Reached XP level 9. HP: 99/99 MP: 9/9
     9 | D        | Reached XP level 10. HP: 107/107 MP: 10/10
     9 | D        | Gained mutation: When low on magic, you restore magic in place of health. [demonic ancestry]
     9 | D        | Reached XP level 11. HP: 113/113 MP: 11/11
     9 | D        | Reached XP level 12. HP: 121/121 MP: 12/12
     9 | D        | Reached XP level 13. HP: 127/127 MP: 13/13
     9 | D        | Killed a meat berserker
     9 | D        | Reached ** piety under Trog
     9 | D        | Gained mutation: You have a pair of antennae on your head. [demonic ancestry]
     9 | D        | Reached XP level 14. HP: 143/143 MP: 14/14
     9 | D        | Killed a bag of meat
     9 | D        | Noticed a bag of meat
    11 | D        | Killed a meat berserker
    11 | D        | Reached XP level 15. HP: 157/157 MP: 15/15
    11 | D        | Reached *** piety under Trog
    11 | D        | Reached skill level 27 in Fighting
    11 | D        | Reached skill level 15 in Armour
    12 | D        | Reached skill level 27 in Axes
    12 | D        | Reached skill level 15 in Dodging
    12 | D        | Gained mutation: You have hooves in place of feet. [demonic ancestry]
    12 | D        | Reached XP level 16. HP: 167/167 MP: 16/16
    13 | D        | Noticed a destroyer
    13 | D        | Noticed a meat berserker
    15 | D        | Noticed a meat berserker
    15 | D        | Noticed a meat berserker
    16 | D        | Noticed a meat berserker
    16 | D        | Killed a destroyer
    16 | D        | Reached **** piety under Trog
    16 | D        | Gained mutation: You have claws for hands. [demonic ancestry]
    16 | D        | Reached XP level 17. HP: 174/174 MP: 17/17
    17 | D        | Noticed a meat berserker
    17 | D        | Noticed a meat berserker
    18 | D        | Noticed a large bag of meat
    18 | D        | Noticed a meat berserker
    19 | D        | Noticed a meat berserker
    19 | D        | Noticed a destroyer
    20 | D        | Noticed a meat berserker
    20 | D        | Killed a meat berserker
    20 | D        | Gained mutation: You have a pair of large antennae on your head (SInv). [demonic ancestry]
    20 | D        | Reached XP level 18. HP: 182/182 MP: 12/18
    20 | D        | Killed a meat berserker
    20 | D        | Reached ***** piety under Trog
    20 | D        | Reached skill level 27 in Armour
    20 | D        | Reached skill level 27 in Dodging
    20 | D        | Killed a meat berserker
    20 | D        | Reached skill level 10 in Stealth
    21 | D        | Gained mutation: Your magical and physical power is slightly enhanced at high health. [demonic ancestry]
    21 | D        | Reached XP level 19. HP: 189/189 MP: 12/34
    23 | D        | Killed a meat berserker
    23 | D        | Reached skill level 15 in Stealth
    23 | D        | Killed a meat berserker
    24 | D        | Noticed a meat berserker
    25 | D        | Noticed a destroyer
    25 | D        | Killed a meat berserker
    25 | D        | Gained mutation: You may emit foul miasma when damaged in melee. [demonic ancestry]
    25 | D        | Reached XP level 20. HP: 172/197 MP: 12/42
    26 | D        | Noticed a destroyer
    26 | D        | Killed a meat berserker
    26 | D        | Fell from the grace of Trog
    27 | D        | Killed a destroyer
    27 | D        | Gained mutation: Your magical and physical power is enhanced at high health. [demonic ancestry]
    27 | D        | Reached XP level 21. HP: 178/204 MP: 13/48
    28 | D        | Reached skill level 27 in Stealth
    28 | D        | Gained mutation: You frequently emit foul miasma when damaged in melee. [demonic ancestry]
    28 | D        | Reached XP level 22. HP: 185/212 MP: 14/52
    29 | D        | Noticed a destroyer
    29 | D        | Reached skill level 27 in Throwing
    29 | D        | Reached skill level 27 in Unarmed Combat
    29 | D        | Reached skill level 27 in Spellcasting
    31 | D        | Killed a destroyer
    31 | D        | Reached XP level 23. HP: 147/219 MP: 14/54
    35 | D        | Noticed a destroyer
    36 | D        | Noticed a destroyer
    36 | D        | Noticed a destroyer
    37 | D        | Noticed a destroyer
    37 | D        | Reached XP level 24. HP: 95/227 MP: 11/54
    37 | D        | Killed a destroyer
    39 | D        | Killed a destroyer
    39 | D        | Gained mutation: Your magical and physical power is greatly enhanced at high health. [demonic ancestry]
    39 | D        | Reached XP level 25. HP: 99/234 MP: 11/54
    41 | D        | Noticed a destroyer
    42 | D        | Noticed a destroyer
    45 | D        | Killed a destroyer
    46 | D        | HP: 9/234 [sculptor of flesh/+9 great sword (79)]
    49 | D        | Noticed an accursed
    51 | D        | Noticed a tyrant
    51 | D        | Noticed an accursed
    51 | D        | Noticed a tyrant
    52 | D        | HP: 11/234 [accursed/divine providence (8)]
    53 | D        | Noticed an accursed
    53 | D        | Annihilated by a destroyer

Vault maps used:
D:        meatsprint

Skill      XL: |  1  2  3  4  5  6  7  8  9 10 11 12 13 14 15 16 17 18 19 20 21 22 |
---------------+-------------------------------------------------------------------+-----
Fighting       | 20 23 26 27 | 27.0
Axes           | 19 21 24 27 | 27.0
Armour         | 11 12 14 16 21 25 27 | 27.0
Dodging        | 10 12 14 15 22 26 27 | 27.0
Throwing       | 11 18 23 26 27 | 27.0
Stealth        | 12 20 24 27 | 27.0
Unarmed Combat | 11 18 23 26 27 | 27.0
Spellcasting   | 11 18 23 26 27 | 27.0

Action                   |  1- 3 |  4- 6 |  7- 9 | 10-12 | 13-15 | 16-18 | 19-21 | 22-24 | 25-27 || total
-------------------------+-------+-------+-------+-------+-------+-------+-------+-------+-------++-------
Melee: Executioner's axe |     1 |       |       |       |     2 |     5 |     5 |     8 |     3 ||    24
Invok: Berserk           |       |       |       |       |       |     1 |       |       |       ||     1
  Use: Potion            |       |       |       |       |       |       |       |       |     3 ||     3
       Scroll            |       |       |       |       |       |       |       |       |     1 ||     1
Dodge: Dodged            |       |       |       |       |     1 |       |       |     1 |     3 ||     5
